 Dungeon Crawl Stone Soup version 0.30-a0-634-g8abc85282e (webtiles) character file.

Game seed: 5313093759669032968

886 Dirtsage the Changer (level 8, 0/48 HPs)
             Began as an Octopode Transmuter on Jan 14, 2023.
             Slain by a scorpion (2 damage)
             ... on level 5 of the Dungeon.
             The game lasted 00:07:43 (4083 turns).

Dirtsage the Changer (Octopode Transmuter)          Turns: 4083, Time: 00:07:43

Health: 0/48       AC:  1    Str:  9    XL:     8   Next: 5%
Magic:  11/11      EV: 13    Int: 17    God:
Gold:   330        SH:  0    Dex: 13    Spells: 4/11 levels left

rFire   . . .      SeeInvis .      - Unarmed
rCold   . . .      Faith    .    (no shield)
rNeg    . . .      Spirit   .    (helmet currently unavailable)
rPois   .          Reflect  .    (no amulet)
rElec   .          Harm     .    (no ring)
rCorr   .          Rampage  .    (no ring)
Will    .....                    (no ring)
Stlth   ++                       (no ring)
HPRegen 0.28/turn                (no ring)
MPRegen 0.12/turn                (no ring)
                                 (no ring)
                                 (no ring)

@: lethally poisoned (0 -> -10), appendages
A: tentacle spike 3, almost no armour, amphibious, 8 rings, camouflage 1,
gelatinous body 1, (nimble swimmer 1), tentacles
a: End Transformation


You were on level 5 of the Dungeon.
One of your tentacles had grown a beastly spike.
You visited 1 branch of the dungeon, and saw 5 of its levels.

You collected 330 gold pieces.

Inventory:

Jewellery
 m - a ring of ice
Scrolls
 b - 2 scrolls of vulnerability
 i - a scroll of identify
 j - 2 scrolls of amnesia
 t - a scroll of teleportation
 B - a scroll of blinking
Potions
 a - a potion of lignification
 c - a potion of resistance {unknown}
 d - a potion of haste {unknown}
 e - a potion of flight {unknown}
 f - a potion of ambrosia {unknown}
 g - a potion of cancellation {unknown}
 h - a potion of invisibility {unknown}
 k - a potion of attraction {unknown}
 l - a potion of curing {unknown}
 n - a potion of mutation {unknown}


   Skills:
 + Level 1.0 Fighting
 + Level 2.0 Dodging
 + Level 3.0 Unarmed Combat
 - Level 2.0 Spellcasting
 + Level 0.0 Conjurations
 * Level 6.5 Transmutations
 * Level 6.1 Ice Magic
 + Level 0.0 Air Magic


You had 4 spell levels left.
You knew the following spells:

 Your Spells              Type           Power      Damage    Failure   Level
a - Beastly Appendage     Tmut           48%        N/A       1%          1
b - Wereblood             Tmut           24%        N/A       1%          2
c - Ice Form              Ice/Tmut       23%        N/A       14%         4

Your spell library contained the following spells:

 Spells                   Type           Power      Damage    Failure   Level
 Spider Form              Tmut/Pois      12%        N/A       16%         3
 Ignite Poison            Fire/Tmut/Pois 9%         N/A       24%         3
 Static Discharge         Conj/Air       2%         2-3/arc   28%         2
 Kindle Blastsparks       Fire/Tloc/Air  2%         2d10      50%         3
 Vhi's Electric Charge    Tloc/Air       2%         N/A       50%         3
 Freezing Cloud           Conj/Ice/Air   4%         6-21      93%         5
 Arcjolt                  Conj/Air       0%         1d10      99%         5
 Lightning Bolt           Conj/Air       0%         1d11      99%         5


Dungeon Overview and Level Annotations

Branches:
Dungeon (5/15)
 Temple: D:4-7

Altars:
Xom

Shops:
D:1 (

Annotations:
D:4 1 exclusion, Edmund


Innate Abilities, Weirdness & Mutations

One of your tentacles has grown a beastly spike.
You cannot wear most types of armour.
You are amphibious.
You can wear up to eight rings at the same time.
Your skin changes colour to match your surroundings (Stealth+).
Your rubbery body absorbs attacks. (AC +1, EV +1)
((You are camouflaged when in or above water. (Stealth+)))
You have tentacles for arms and can constrict up to eight enemies at once.


Message History

The scorpion is lightly wounded.
You constrict the scorpion, but do no damage.
You feel very sick. The scorpion stings you.
You take 6 damage, and have 23/48 hp.
You tentacle-slap the scorpion but do no damage.
You pierce the scorpion.
The scorpion is moderately wounded.
You constrict the scorpion, but do no damage.
You feel sick. The scorpion stings you.
You are lethally poisoned!
The scorpion poisons you!
You take 7 damage, and have 16/48 hp.
You tentacle-slap the scorpion but do no damage.
You squeeze the scorpion, but do no damage.
The scorpion is moderately wounded.
You constrict the scorpion.
* * * LOW HITPOINT WARNING * * *
You feel very sick.
The scorpion stings you but does no damage.
You take 4 damage, and have 12/48 hp.
MP restored: 11 You tentacle-slap the scorpion but do no damage.
You pierce the scorpion.
You squeeze the scorpion.
The scorpion is severely wounded.
You constrict the scorpion.
* * * LOW HITPOINT WARNING * * *
You feel very sick. The scorpion stings you.
* * * LOW HITPOINT WARNING * * *
You take 8 damage, and have 4/48 hp.
You tentacle-slap the scorpion but do no damage.
Your tentacle spike misses the scorpion.
You squeeze the scorpion.
The scorpion is almost dead.
You constrict the scorpion.
* * * LOW HITPOINT WARNING * * *
You feel very sick. The scorpion stings you.
You die...

........#...###..#
##...
........###...#...
..
.......##......###
#.#..(.............
#....##............
#.....#........#
..##....##.......##
<......!.......#.#
......#@..........
.#.....s.........
#..♣♣♣..........
#.♣ #♣....... #.
....... . (.##..#
... ..# ..## ..


You could see a scorpion.

Vanquished Creatures
  Grinder (D:4)
  Sigmund (D:2)
  An ice beast (D:5)
  A phantom (D:4)
  A scorpion (D:4)
  A hound (D:5)
  An orc priest (D:3)
  Robin (D:4)
  8 adders
  7 gnolls
  2 worms (D:2)
  4 dart slugs
  6 orcs
  12 bats
  4 endoplasms
  2 giant cockroaches
  14 goblins
  7 hobgoblins
  5 jackals (D:1)
  10 ball pythons
  3 frilled lizards
  5 kobolds
  3 rats
100 creatures vanquished.

Vanquished Creatures (others)
  7 plants (D:2)
7 creatures vanquished.

Grand Total: 107 creatures vanquished

Notes
Turn   | Place    | Note
-------+----------+-------------------------------------------
     0 | D:1      | Dirtsage the Octopode Transmuter began the quest for the
                  | Orb.
     0 | D:1      | Reached XP level 1. HP: 13/13 MP: 3/3
   107 | D:1      | Reached skill level 1 in Ice Magic
   107 | D:1      | Reached XP level 2. HP: 17/18 MP: 5/5
   154 | D:1      | Learned a level 2 spell: Wereblood
   214 | D:1      | Found a faded altar of an unknown god.
   233 | D:1      | Found Yleitoq's Weapon Shop.
   747 | D:1      | Reached XP level 3. HP: 23/23 MP: 6/6
  1209 | D:2      | Reached XP level 4. HP: 28/28 MP: 5/7
  1300 | D:2      | Identified the +3 robe of the Okapi {rElec rPois Str-2
                  | Int+9}
  1585 | D:2      | Noticed Sigmund
  1637 | D:2      | Killed Sigmund
  1638 | D:2      | Reached XP level 5. HP: 5/33 MP: 8/8
  1638 | D:2      | Reached XP level 6. HP: 6/38 MP: 9/9
  2056 | D:2      | Found a shimmering altar of Xom.
  2329 | D:3      | Learned a level 4 spell: Ice Form
  2565 | D:3      | Reached skill level 5 in Transmutations
  3016 | D:4      | Reached XP level 7. HP: 40/43 MP: 6/10
  3116 | D:4      | Noticed Grinder
  3149 | D:4      | Reached skill level 5 in Ice Magic
  3186 | D:4      | Paralysed by Grinder for 3 turns
  3194 | D:4      | Paralysed by Grinder for 4 turns
  3203 | D:4      | Killed Grinder
  3334 | D:4      | Noticed Edmund
  3519 | D:4      | Noticed Robin
  3549 | D:4      | Killed Robin
  3913 | D:5      | Entered Level 5 of the Dungeon
  3955 | D:5      | Reached XP level 8. HP: 48/48 MP: 7/11
  4083 | D:5      | HP: 2/48 [poisoned by a scorpion]
  4083 | D:5      | Slain by a scorpion

Illustrated notes

Levels and vault maps discovered:
D:1:      nicolae_arrival_escape_room, layout_loops_ring,
          basic_ecumenical_altar, serial_shops,
          nicolae_shop_bloodbath_and_beyond, minmay_door_square,
          solitary_fountain
D:2:      layout_loops_ring, serial_forest, infiniplex_forest_corner_2,
          infiniplex_forest_straight_2, infiniplex_forest_corner_2,
          infiniplex_forest_pool, infiniplex_forest_clump_small,
          infiniplex_forest_straight_4, infiniplex_forest_clump_small,
          infiniplex_forest_lined_3_way, basic_altar, minmay_joined_circles,
          uniq_sigmund
D:3:      layout_loops_cross
D:4:      layout_basic, hangedman_decor_riveting, uniq_robin, uniq_grinder,
          uniq_edmund
D:5:      layout_cave_pools, grunt_temple_overflow_forces_of_nature,
          minmay_stone_trees_small, uniq_prince_ribbit1, uniq_duvessa,
          uniq_pikel, uniq_eustachio

Skill      XL: |  1  2  3  4  5  6  7 |
---------------+----------------------+-----
Ice Magic      | 1 2 4 6 |  6.1
Transmutations | 3 4 5 6 |  6.5
Fighting       | |  1.0
Dodging        | |  2.0
Unarmed Combat | |  3.0
Spellcasting   | |  2.0

Action                   |  1- 3 |  4- 6 |  7- 9 || total
-------------------------+-------+-------+-------++-------
Melee: Unarmed           |    67 |   100 |    79 ||   246
       Constrict         |    21 |    26 |     6 ||    53
       Tentacles         |    22 |    23 |     8 ||    53
       Kick              |    11 |    23 |     8 ||    42
       Punch             |     2 |       |     1 ||     3
 Cast: Beastly Appendage |    11 |    12 |     5 ||    28
       Wereblood         |     1 |     3 |     2 ||     6
       Ice Form          |       |     1 |     5 ||     6
  Use: Scroll            |       |     8 |     2 ||    10
 Stab: Sleeping          |     7 |     5 |     1 ||    13
Armor: Skin              |     3 |    12 |    24 ||    39
Dodge: Dodged            |    51 |    46 |    28 ||   125

Table legend: (Time is in decaauts)
 A = Elapsed time spent in this place.
 B = Non-inter-level travel time spent in this place.
 C = Inter-level travel time spent in this place.
 D = Time resting spent in this place.
 E = Time spent auto-exploring this place.
 F = Levels seen in this place.
 G = Mean time per level.
                   A        B        C        D        E       F      G
               +--------+--------+--------+--------+--------+-----+--------+
         Total |   4068 |   3976 |     92 |    201 |   3023 |   5 |  813.6 |
       Dungeon |   4068 |   3976 |     92 |    201 |   3023 |   5 |  813.6 |
               +--------+--------+--------+--------+--------+-----+--------+

Top non-repeatable levels by time:
     D:2: 1456 daAuts
     D:4: 929 daAuts
     D:1: 845 daAuts
     D:3: 668 daAuts
     D:5: 168 daAuts
